 Dungeon Crawl Stone Soup version 0.23-a0-391-g8c51ad5 (webtiles) character file.

992 Ijustatesigmund the Cudgeler (level 8, -4/49 HPs)
             Began as a Gargoyle Fighter on Oct 30, 2018.
             Slain by a cyclops (7 damage)
             ... on level 5 of the Dungeon.
             The game lasted 00:11:58 (4964 turns).

Ijustatesigmund the Cudgeler (Gargoyle Fighter)     Turns: 4964, Time: 00:11:59

Health: -4/49      AC: 24    Str: 25    XL:     8   Next: 18%
Magic:  8/8        EV:  6    Int:  9    God:
Gold:   264        SH: 11    Dex: 11    Spells: 7/7 levels left

rFire    . . .     SeeInvis .   t - +2 mace (protect)
rCold    . . .     Gourm    .   c - +1 shield
rNeg     + . .     Faith    .   p - +0 chain mail
rPois    ∞         Spirit   .   (no helmet)
rElec    +         Reflect  .   (no cloak)
rCorr    .         Harm     .   (no gloves)
MR       .....                  o - +1 pair of boots
Stlth    ..........             q - amulet of the acrobat
HPRegen  0.16/turn              k - ring of flight
MPRegen  0.11/turn              (no ring)

@: mighty, protection aura
A: negative energy resistance 1, electricity resistance, unbreathing,
petrification resistance, rot immunity, AC +5
a: Evoke Flight


You were on level 5 of the Dungeon.
You were hungry.

You visited 1 branch of the dungeon, and saw 5 of its levels.
You also visited: Ossuary.

You collected 264 gold pieces.

Inventory:

Hand Weapons
 a - a +1 flail
 t - a +2 mace of protection (weapon)
Armour
 b - a +0 scale mail
 c - a +1 shield (worn)
 o - a +1 pair of boots (worn)
 p - a +0 chain mail (worn)
Jewellery
 k - a ring of flight (left hand)
 q - an amulet of the acrobat (around neck)
Scrolls
 e - a scroll of amnesia
 j - a scroll of immolation
 r - 3 scrolls of blinking
 w - 2 scrolls of teleportation
 z - a scroll of remove curse
Potions
 d - a potion of magic
 g - 2 potions of lignification
 h - a potion of brilliance
 i - a potion of agility
 l - 4 potions of curing
 m - 2 potions of haste
 n - 2 potions of might
 s - a potion of ambrosia
 u - a potion of heal wounds
Comestibles
 f - 8 rations


   Skills:
 + Level 5.2 Fighting
 + Level 6.8 Maces & Flails
 + Level 5.2 Armour
 + Level 5.2 Shields


You had 7 spell levels left.
You didn't know any spells.
Your spell library was empty.

Dungeon Overview and Level Annotations

Branches:
Dungeon (5/15)
 Temple: D:4-7

Altars:
Gozag
Hepliaklqana
Xom
Yredelemnul
Zin


Innate Abilities, Weirdness & Mutations

You are resistant to torment.
Your stone body is resilient. (AC +5)
You are immune to poison.
You resist negative energy. (rN+)
You are resistant to electric shocks. (rElec)
You can survive without breathing.
You are immune to petrification.
You are immune to rotting.


Message History

The quokka is almost dead.
You sock the cyclops!
The cyclops is moderately wounded.
You hit the cyclops.
The cyclops is heavily wounded.
The quokka twitches its whiskers. x2
The cyclops hits you!
You thump the cyclops!
The cyclops is severely wounded.
Your shield and chain mail prevent you from hitting the cyclops.
The cyclops is severely wounded.
The cyclops hits you!
You barely miss the cyclops.
The cyclops is severely wounded.
The cyclops hits you!!
* * * LOW HITPOINT WARNING * * *
You hit the cyclops.
The cyclops is severely wounded.
The cyclops hits you!
You die...

##.........##
#...#######.# #..##
#.## ...##..# ##.###
..[.##.## ##..#
.....##.############
......##.......##
.......#..###...#
.......#@## ##..#
.......#C# ##.###
.......'r# #.#.#
.......'.# #...#
.......### #...#
.......## ##..#.#
.......#.## ##..####
.....$##..###..##
.....# #.....##


You could see a cyclops and a quokka.

Vanquished Creatures
  2 bullfrog zombies (D:5)
  3 crimson imps (D:5)
  4 centaur zombies (Ossuary)
  A hound (D:5)
  A bullfrog skeleton (D:5)
  2 orc priests (D:4)
  4 orc wizards (D:4)
  Natasha (thrice) (D:4)
  A worker ant (D:5)
  An ogre zombie (Ossuary)
  7 mummies (Ossuary)
  5 gnolls
  7 adders
  A shadow imp (D:5)
  An ooze (D:3)
  4 adder zombies (Ossuary)
  4 worms
  4 dart slugs
  3 leopard geckos
  12 orcs
  4 bats
  6 giant cockroaches
  A gnoll zombie (Ossuary)
  13 goblins
  6 hobgoblins
  8 kobolds
  3 ball pythons
  5 frilled lizards
  3 goblin zombies (Ossuary)
  6 hobgoblin zombies (Ossuary)
  5 kobold zombies (Ossuary)
  A leopard gecko skeleton (D:5)
  A quokka zombie (Ossuary)
  13 rats
  5 rat zombies (Ossuary)
150 creatures vanquished.

Notes
Turn   | Place    | Note
-------+----------+-------------------------------------------
     0 | D:1      | Ijustatesigmund the Gargoyle Fighter began the quest for
                  | the Orb.
     0 | D:1      | Reached XP level 1. HP: 14/14 MP: 1/1
   131 | D:1      | Reached XP level 2. HP: 16/19 MP: 2/2
   273 | D:2      | Reached skill level 3 in Maces & Flails
   354 | D:2      | Reached XP level 3. HP: 23/23 MP: 3/3
   828 | D:2      | Reached skill level 4 in Maces & Flails
   935 | D:2      | Reached XP level 4. HP: 24/28 MP: 4/4
  1678 | D:3      | Found a glowing silver altar of Zin.
  1798 | D:3      | Reached skill level 5 in Maces & Flails
  1798 | D:3      | Reached XP level 5. HP: 32/32 MP: 5/5
  2123 | D:3      | Found an opulent altar of Gozag.
  2123 | D:3      | Found a shimmering altar of Xom.
  2131 | D:3      | Found a basalt altar of Yredelemnul.
  2136 | D:3      | Found a hazy altar of Hepliaklqana.
  2426 | D:4      | Reached XP level 6. HP: 37/37 MP: 6/6
  2453 | D:4      | Noticed Natasha
  2457 | D:4      | Killed Natasha
  2469 | D:4      | Noticed Natasha
  2473 | D:4      | Reached skill level 6 in Maces & Flails
  2489 | D:4      | Killed Natasha
  2977 | D:4      | Noticed Natasha
  3000 | D:4      | Killed Natasha
  3005 | D:4      | Reached XP level 7. HP: 22/43 MP: 7/7
  3293 | D:5      | Entered Level 5 of the Dungeon
  3492 | D:5      | Found a sand-covered staircase.
  3501 | Ossuary  | Entered an ossuary
  4737 | D:5      | Reached skill level 5 in Fighting
  4737 | D:5      | Reached skill level 5 in Armour
  4737 | D:5      | Reached skill level 5 in Shields
  4737 | D:5      | Reached XP level 8. HP: 45/49 MP: 8/8
  4937 | D:5      | Noticed a cyclops
  4964 | D:5      | Slain by a cyclops

Vault maps used:
D:1:      dpeg_arrival_snail, minivault_24
D:2:      kennysheep_generic_room_13
D:3:      old_standard_altar, grunt_temple_overflow_open, first_ration
D:4:      grunt_ministairs_11, uniq_natasha
D:5:      kennysheep_big_flooded_room, nicolae_ossuary_entry_monument
Ossuary:  ossuary_boxes_badplayer

Skill      XL: |  1  2  3  4  5  6  7 |
---------------+----------------------+-----
Maces & Flails | 3 4 5 6 |  6.8
Fighting       | 4 5 |  5.2
Armour         | 4 5 |  5.2
Shields        | 4 5 |  5.2

Action                   |  1- 3 |  4- 6 |  7- 9 || total
-------------------------+-------+-------+-------++-------
Melee: Flail             |   139 |   243 |   155 ||   537
       Mace              |       |       |    68 ||    68
  Use: Scroll            |     4 |     9 |     8 ||    21
       Potion            |     1 |     2 |     2 ||     5
  Eat: Chunk             |       |     6 |     4 ||    10
       Ration            |       |       |     1 ||     1
Armor: Scale mail        |    78 |   143 |    65 ||   286
       Chain mail        |       |       |    21 ||    21
Dodge: Dodged            |    41 |    81 |    38 ||   160
Block: Shield            |    85 |   147 |    89 ||   321

Table legend:
 A = Non-vault XP
 B = Vault XP
 C = Vault XP percentage of total XP
 D = Non-vault monster count
 E = Vault monster count
 F = Vault count percentage of total count
                 A         B        C        D         E       F
            +---------+---------+-------+---------+---------+-------
      Total |     957 |     461 |  32.5 |     107 |      43 |  28.7
            +---------+---------+-------+---------+---------+-------
        D:1 |      43 |       0 |   0.0 |      21 |       0 |   0.0
        D:2 |      78 |       0 |   0.0 |      27 |       0 |   0.0
        D:3 |     146 |       0 |   0.0 |      29 |       0 |   0.0
        D:4 |     312 |      87 |  21.8 |      16 |       6 |  27.3
        D:5 |     378 |       0 |   0.0 |      14 |       0 |   0.0
    Ossuary |       0 |     374 | 100.0 |       0 |      37 | 100.0
            +---------+---------+-------+---------+---------+-------
